 Dungeon Crawl Stone Soup version 0.24.0-123-gd5b16e6ec5 (webtiles) character file.

Game seed: 5049044195411164395, levelgen mode: deterministic

128 FishyPogo the Skirmisher (level 4, -1/37 HPs)
             Began as a Demonspawn Fighter on Jan 12, 2020.
             Slain by an orc
             ... wielding a +0 flail
              (3 damage)
             ... on level 3 of the Dungeon.
             The game lasted 00:02:32 (612 turns).

FishyPogo the Skirmisher (Demonspawn Fighter)        Turns: 612, Time: 00:02:32

Health: -1/37      AC:  5    Str: 19 (22) XL:     4   Next: 87%
Magic:  0/4        EV:  8    Int:  7 (10) God:
Gold:   86         SH:  9    Dex:  9 (12) Spells: 3/3 levels left

rFire    . . .     SeeInvis .   a - +0 flail
rCold    . . .     Gourm    .   c - +0 shield
rNeg     . . .     Faith    .   m - +0 ring mail
rPois    .         Spirit   +   (no helmet)
rElec    .         Reflect  .   (no cloak)
rCorr    .         Harm     .   (no gloves)
MR       .....                  (no boots)
Stlth    ..........             (no amulet)
HPRegen  0.12/turn              (no ring)
MPRegen  0.09/turn              (no ring)

@: mighty
A: hooves 1, demonic guardian 1, magic shield
a: no special abilities


You were on level 3 of the Dungeon.
You were not hungry.

You visited 1 branch of the dungeon, and saw 3 of its levels.

You collected 86 gold pieces.

Inventory:

Hand Weapons
 a - a +0 flail (weapon)
Missiles
 h - 79 stones (quivered)
Armour
 b - a +0 scale mail
 c - a +0 shield (worn)
 m - a +0 ring mail (worn)
Scrolls
 e - 2 scrolls of identify {unknown}
 i - a scroll of teleportation {unknown}
 j - 2 scrolls of amnesia {unknown}
 l - 3 scrolls of remove curse {unknown}
Comestibles
 f - 6 rations
 g - 3 chunks of flesh


   Skills:
 * Level 4.1 Fighting
 + Level 2.4 Maces & Flails
 + Level 3.2 Armour
 * Level 3.6 Shields


You had 3 spell levels left.
You didn't know any spells.
Your spell library was empty.

Dungeon Overview and Level Annotations

Branches:
Dungeon (3/15)

Altars:
The Shining One


Innate Abilities, Weirdness & Mutations

You have large cloven feet.
A weak demonic guardian rushes to your aid.
When hurt, damage is shared between your health and your magic reserves.


Message History

You closely miss the orc. You block the orc's attack.
You closely miss the orc. Your kick misses the orc.
The orc hits you with a +0 flail.
* * * LOW HITPOINT WARNING * * *
Your shield and ring mail prevent you from hitting the orc.
You kick the orc.
The orc is moderately wounded.
The orc hits you but does no damage.
You hit the orc but do no damage. You kick the orc, but do no damage.
The orc is moderately wounded.
The orc hits you with a +0 flail!
* * * LOW HITPOINT WARNING * * *
It was a potion of degeneration.
There was something very wrong with that liquid.
You feel weakened.
You feel dopey.
You feel clumsy. You block the orc's attack.
Some of the chunks of flesh in your inventory have rotted away.
You feel very mighty all of a sudden. The orc hits you with a +0 flail.
You die...

#....<..#
#.###.#.#
#.###)..#
#....##.#
#.##....#
#.#####.#
#.......#
#######.# #.
#@# . #. #o#
..###.#####h#
.....o.h..oo#
.........o###
h.......so#
..........#
...[......#
..........#


You could see 3 orcs and a jackal.

Vanquished Creatures
  A bullfrog (D:2)
  3 adders (D:2)
  3 oozes
  A dart slug (D:1)
  2 giant cockroaches
  4 hobgoblins
  3 jackals (D:3)
  2 bats (D:1)
  5 goblins
  2 kobolds
  2 rats (D:1)
28 creatures vanquished.

Notes
Turn   | Place    | Note
-------+----------+-------------------------------------------
     0 | D:1      | FishyPogo the Demonspawn Fighter began the quest for the
                  | Orb.
     0 | D:1      | Reached XP level 1. HP: 18/18 MP: 1/1
   107 | D:1      | Gained mutation: You have large cloven feet. [demonic
                  | ancestry]
   107 | D:1      | Reached XP level 2. HP: 24/24 MP: 2/2
   406 | D:2      | Gained mutation: When hurt, damage is shared between your
                  | health and your magic reserves. [demonic ancestry]
   406 | D:2      | Reached XP level 3. HP: 26/29 MP: 3/3
   452 | D:2      | Found a glowing golden altar of the Shining One.
   519 | D:2      | Noticed a bullfrog
   525 | D:2      | Killed a bullfrog
   525 | D:2      | Reached skill level 4 in Fighting
   525 | D:2      | Gained mutation: A weak demonic guardian rushes to your
                  | aid. [demonic ancestry]
   525 | D:2      | Reached XP level 4. HP: 14/37 MP: 2/4
   609 | D:3      | HP: 1/37 [orc/+0 flail (6)]
   612 | D:3      | Slain by an orc

Levels and vault maps discovered:
D:1:      scummos_arrival_simple_fountains, layout_loops_ring
D:2:      layout_loops_ring, nicolae_tso_carved_into_rock,
          okawaru_ov_weapons_minmay, first_ration, feat_on_display, uniq_jessica
D:3:      layout_basic, uniq_ijyb, uniq_grinder, uniq_robin

Skill      XL: |  1  2  3 |
---------------+----------+-----
Shields        | 3 |  3.6
Maces & Flails | 2 |  2.4
Armour         | 3 |  3.2
Fighting       | 4 |  4.1

Action                   |  1- 3 |  4- 6 || total
-------------------------+-------+-------++-------
Melee: Flail             |    66 |    30 ||    96
       Kick              |    11 |     9 ||    20
Throw: Stone             |     5 |     1 ||     6
  Use: Potion            |       |     2 ||     2
Armor: Scale mail        |    14 |       ||    14
       Ring mail         |     9 |    13 ||    22
Dodge: Dodged            |    21 |     3 ||    24
Block: Shield            |    32 |    15 ||    47
